 Dungeon Crawl Stone Soup version 0.28.0 (webtiles) character file.

Game seed: 10257745201913058532

11997 mkm the Cleaver (level 11, 0/102 HPs)
             Began as a Minotaur Berserker on Feb 10, 2022.
             Was a Priest of Trog.
             Slain by an eight-headed hydra (10 damage)
             ... on level 1 of the Lair of Beasts.
             The game lasted 00:34:31 (12011 turns).

mkm the Cleaver (Minotaur Berserker)               Turns: 12011, Time: 00:34:32

Health: 0/102      AC: 20    Str: 29    XL:     11   Next: 56%
Magic:  10/10      EV: 10    Int:  4    God:    Trog [***...]
Gold:   563        SH:  6    Dex: 13    Spells: 10/10 levels left

rFire   + . .      SeeInvis .   C - +1 hand axe (venom)
rCold   + . .      Faith    .   r - +0 buckler
rNeg    . . .      Spirit   .   z - +0 plate armour
rPois   .          Reflect  .   (helmet restricted)
rElec   .          Harm     .   n - scarf {rC+ rF+}
rCorr   .          Rampage  .   y - +0 pair of gloves
Will    .....                   (no boots)
Stlth   ..........              (no amulet)
HPRegen 0.27/turn               i - +4 ring of protection
MPRegen 0.12/turn               E - +6 ring of strength

@: no status effects
A: horns 2, retaliatory headbutt
a: Renounce Religion, Berserk, Trog's Hand


You were on level 1 of the Lair of Beasts.
You worshipped Trog.
Trog was most pleased with you.
You visited 2 branches of the dungeon, and saw 12 of its levels.
You also visited: Bailey.

You collected 563 gold pieces.

Inventory:

Hand Weapons
 j - a +0 war axe
 q - a +0 dire flail of draining
 C - a +1 hand axe of venom (weapon)
Missiles
 v - 4 throwing nets (quivered)
Armour
 n - a scarf of resistance (worn)
 r - a +0 buckler (worn)
 y - a +0 pair of gloves (worn)
 z - a +0 plate armour (worn)
 F - +0 acid dragon scales
Jewellery
 i - a +4 ring of protection (left hand)
 D - a +4 ring of protection
 E - a +6 ring of strength (right hand)
Wands
 h - a wand of mindburst (15)
 x - a wand of flame (16)
 G - a wand of charming (5)
Scrolls
 c - 3 scrolls of enchant armour
 d - 3 scrolls of fog {unknown}
 f - a scroll of blinking
 k - 2 scrolls of vulnerability {unknown}
 l - 2 scrolls of immolation {unknown}
 m - 5 scrolls of teleportation {unknown}
 o - a scroll of summoning
 p - 5 scrolls of magic mapping {unknown}
 t - a scroll of holy word {unknown}
Potions
 a - 3 potions of flight
 b - a potion of resistance
 e - 2 potions of berserk rage
 g - 5 potions of heal wounds
 s - 3 potions of lignification {unknown}
 u - a potion of haste
 w - 2 potions of might
 A - 5 potions of mutation {unknown}
 B - 2 potions of curing


   Skills:
 + Level 11.1 Fighting
 + Level 12.4(13.4) Axes
 + Level 8.3(11.5) Maces & Flails
 + Level 10.7 Armour
 + Level 7.4 Dodging
 + Level 7.3 Shields


You had 10 spell levels left.
You didn't know any spells.
Your spell library was empty.

Dungeon Overview and Level Annotations

Branches:
Dungeon (11/15)            Temple (0/1) D:7            Lair (1/6) D:9
    Orc (0/2) D:11         Bailey (visited)

Altars:

Shops:
D:6 (

Annotations:
D:7 Pikel
D:11 Fannar
Lair:1 Gastronok


Innate Abilities, Weirdness & Mutations

You have a pair of horns on your head.
You reflexively headbutt those who attack you in melee.


Message History

You continue taking off your +0 buckler.
The water moccasin bites you but does no damage.
You block the eight-headed hydra's attack.
The eight-headed hydra closely misses you. x2
You block the eight-headed hydra's attack.
The eight-headed hydra misses you.
The eight-headed hydra bites you but does no damage. x2
The eight-headed hydra completely misses you.
The water moccasin bites you but does no damage.
You continue taking off your +0 buckler.
The eight-headed hydra closely misses you.
The eight-headed hydra bites you but does no damage. x5
You block the eight-headed hydra's attack.
The eight-headed hydra bites you but does no damage.
You block the water moccasin's attack.
You continue taking off your +0 buckler.
The water moccasin barely misses you. You furiously retaliate!
You headbutt the water moccasin! The eight-headed hydra bites you.
You block the eight-headed hydra's attack.
The eight-headed hydra bites you.
The eight-headed hydra bites you but does no damage.
You block the eight-headed hydra's attack.
The eight-headed hydra bites you but does no damage. x2
The eight-headed hydra bites you!
Gastronok waves his eye-stalks in wide circles.
The air twists around and strikes you!!
* * * LOW HITPOINT WARNING * * *
You continue taking off your +0 buckler.
The water moccasin barely misses you.
The eight-headed hydra bites you but does no damage.
The eight-headed hydra bites you.
* * * LOW HITPOINT WARNING * * *
The eight-headed hydra bites you but does no damage.
The eight-headed hydra completely misses you.
You block the eight-headed hydra's attack.
The eight-headed hydra barely misses you.
The eight-headed hydra bites you!
* * * LOW HITPOINT WARNING * * *
The eight-headed hydra bites you!
You die...

##........# #........##
##.........# #..
#........# ##....
#...[....####.....#
###.......#)........#
...###.#.................#
#.......................#
#.##....:...@..........#
#####...DS..........#
##....#.#.......##
#...#####.......# .....#
##.....## .....w.
##.....## .........
##.....### ..........
#........ .........#
#..##P##.


You could see Gastronok, an eight-headed hydra and a water moccasin.

Vanquished Creatures
  Harold (D:7)
  Erica (D:8)
  3 two-headed ogres
  A manticore (D:11)
  2 gargoyles (D:11)
  Psyche (D:10)
  3 trolls
  Eustachio (D:5)
  4 yaks
  An acid dragon (D:11)
  10 water moccasins
  Duvessa (D:6)
  2 sky beasts (D:7)
  2 black bears
  A hornet zombie (D:9)
  An ice beast (D:4)
  3 orc warriors
  5 ogres
  10 centaurs
  A phantom (D:6)
  3 bullfrogs
  3 kobold brigands
  A scorpion (D:6)
  2 gnoll sergeants
  2 wyvern zombies (D:8)
  A water moccasin skeleton (D:6)
  6 killer bees
  Dowan (D:6)
  4 wights (D:9)
  3 howler monkeys (D:8)
  A bullfrog zombie (D:5)
  2 centaur zombies (D:10)
  A jelly (D:4)
  8 orc priests
  2 hounds
  A bullfrog skeleton (D:7)
  A centaur skeleton (D:6)
  An iguana (D:5)
  A scorpion zombie (D:5)
  Terence (D:3)
  5 orc wizards
  12 gnolls
  10 adders
  A white imp (D:8)
  An ufetubus (D:4)
  2 adder skeletons
  37 orcs
  4 endoplasms
  2 giant cockroaches
  11 goblins
  8 hobgoblins
  3 jackals (D:2)
  3 quokkas
  8 ball pythons
  7 bats
  2 frilled lizards
  26 kobolds
  4 rats
245 creatures vanquished.

Vanquished Creatures (others)
  A swamp drake (D:11)
  44 fungi (D:9)
  25 plants (D:9)
70 creatures vanquished.

Grand Total: 315 creatures vanquished

Notes
Turn   | Place    | Note
-------+----------+-------------------------------------------
     0 | D:1      | mkm the Minotaur Berserker began the quest for the Orb.
     0 | D:1      | Reached XP level 1. HP: 19/19 MP: 0/0
   278 | D:1      | Reached XP level 2. HP: 27/27 MP: 1/1
   732 | D:2      | Found a faded altar of an unknown god.
   741 | D:2      | Reached ** piety under Trog
   942 | D:2      | Reached XP level 3. HP: 23/34 MP: 2/2
  1692 | D:3      | Reached XP level 4. HP: 40/41 MP: 3/3
  1703 | D:3      | Reached skill level 5 in Fighting
  1703 | D:3      | Reached skill level 5 in Maces & Flails
  1776 | D:3      | Noticed Terence
  1796 | D:3      | Killed Terence
  2011 | D:3      | Reached XP level 5. HP: 48/48 MP: 4/4
  2295 | D:3      | Found a faded altar of an unknown god.
  2319 | D:3      | Noticed an ogre
  2328 | D:3      | Killed an ogre
  2329 | D:3      | Reached skill level 1 in Axes
  2485 | D:3      | You fall into a shaft and drop 1 floor!
  2551 | D:3      | Reached XP level 6. HP: 56/56 MP: 5/5
  2797 | D:4      | Noticed an ice beast
  2798 | D:4      | Reached skill level 2 in Axes
  2806 | D:4      | Killed an ice beast
  2851 | D:4      | Reached skill level 6 in Axes
  2851 | D:4      | Reached skill level 5 in Shields
  2851 | D:4      | Reached XP level 7. HP: 68/69 MP: 6/6
  3119 | D:5      | Entered Level 5 of the Dungeon
  3280 | D:5      | Reached XP level 8. HP: 73/75 MP: 7/7
  3421 | D:5      | Noticed Eustachio
  3449 | D:5      | Killed Eustachio
  3574 | D:5      | Reached *** piety under Trog
  3575 | D:5      | Reached skill level 7 in Axes
  4343 | D:6      | Found Jaost's Antique Weapon Shoppe.
  4374 | D:6      | Noticed Duvessa
  4375 | D:6      | Noticed Dowan
  4393 | D:6      | Killed Duvessa
  4395 | D:6      | Killed Dowan
  4521 | D:6      | Reached XP level 9. HP: 76/83 MP: 8/8
  4855 | D:6      | Reached skill level 8 in Axes
  5171 | D:7      | Noticed Harold
  5524 | D:7      | Found a staircase to the Ecumenical Temple.
  5650 | D:7      | Killed Harold
  5930 | D:7      | Reached skill level 9 in Axes
  6222 | D:7      | Noticed Pikel
  6338 | D:8      | Identified the +3 leather armour "Zestau" {+Inv rC++}
  6598 | D:8      | Reached XP level 10. HP: 91/92 MP: 9/9
  6702 | D:8      | Found a flagged portal.
  6737 | Bailey   | Entered a bailey
  7004 | D:8      | Noticed Erica
  7025 | D:8      | Killed Erica
  7026 | D:8      | Reached skill level 10 in Axes
  7340 | D:8      | Reached skill level 10 in Fighting
  8139 | D:9      | Noticed a two-headed ogre
  8153 | D:9      | Killed a two-headed ogre
  8315 | D:9      | Found a staircase to the Lair.
  8564 | D:9      | Reached skill level 11 in Axes
  9496 | D:10     | Entered Level 10 of the Dungeon
  9640 | D:10     | Reached XP level 11. HP: 76/101 MP: 10/10
 10229 | D:10     | Noticed Psyche
 10234 | D:10     | Killed Psyche
 10818 | D:11     | Noticed a two-headed ogre
 10834 | D:11     | Killed a two-headed ogre
 10835 | D:11     | Reached skill level 10 in Armour
 10883 | D:11     | Found a staircase to the Orcish Mines.
 11325 | D:11     | Noticed a two-headed ogre
 11337 | D:11     | Killed a two-headed ogre
 11338 | D:11     | Reached skill level 12 in Axes
 11707 | D:11     | Noticed Fannar
 11747 | Lair:1   | Entered Level 1 of the Lair of Beasts
 12003 | Lair:1   | Noticed Gastronok
 12003 | Lair:1   | Noticed an eight-headed hydra
 12011 | Lair:1   | Slain by an eight-headed hydra

Illustrated notes

Levels and vault maps discovered:
D:1:      lightli_arrival_lavapool, layout_loops_ring, chequers_garden
D:2:      layout_basic, chequers_ecumenical_altar_simple
D:3:      layout_rooms, nicolae_overflow_ecumenical_swirl, uniq_terence
D:4:      layout_rooms
D:5:      layout_gridville, uniq_eustachio
D:6:      minmay_inner_zag, layout_loops_corners, serial_shops,
          nicolae_shop_temple_entry_statues_fountains, uniq_duvessa
D:7:      layout_loops_cross, minmay_temple_entry_waves, uniq_pikel, uniq_harold
D:8:      layout_gridville, enter_bailey_5, uniq_erica
D:9:      layout_layer_cave, due_lair_maze_entry_diamond
D:10:     layout_gridville, chequers_serial_rivers_room_b, st_stairs_3,
          nicolae_straight_to_the_point, uniq_psyche
D:11:     layout_basic, erik_orc_1, uniq_fannar
Lair:1:   layout_cave_pods, infiniplex_staircase_pool, uniq_gastronok, uniq_grum

Skill      XL: |  1  2  3  4  5  6  7  8  9 10 11 |
---------------+----------------------------------+-----
Fighting       | 4 5 8 9 10 11 | 11.1
Maces & Flails | 4 5 8 |  8.3
Axes           | 1 6 7 9 11 12 | 12.4
Armour         | 3 7 8 9 10 | 10.7
Dodging        | 3 6 7 |  7.4
Shields        | 5 6 7 |  7.3

Action                   |  1- 3 |  4- 6 |  7- 9 | 10-12 || total
-------------------------+-------+-------+-------+-------++-------
Melee: Mace              |    84 |       |       |       ||    84
       Headbutt          |     7 |    19 |    39 |    72 ||   137
       Hand axe          |     2 |    37 |       |    43 ||    82
       Punch             |     1 |     1 |       |       ||     2
       War axe           |       |    39 |   205 |   286 ||   530
Invok: Berserk           |     1 |     3 |     6 |    14 ||    24
       Trog's Hand       |       |       |     3 |     5 ||     8
  Use: Scroll            |     1 |     2 |     7 |     2 ||    12
       Potion            |       |     1 |     2 |     1 ||     4
 Stab: Confused          |       |       |       |     2 ||     2
Armor: Animal skin       |    11 |       |       |       ||    11
       Leather armour    |    10 |       |       |       ||    10
       Scale mail        |       |    25 |    74 |    14 ||   113
       Plate armour      |       |       |       |   224 ||   224
Dodge: Dodged            |    84 |    47 |    88 |   161 ||   380
Block: Buckler           |       |       |    53 |    97 ||   150
